 Dungeon Sprint DCSS version 0.18-a0-1435-gee79d65 (webtiles) character file.

115 geek the Covered (level 4, -3/39 HPs)
             Began as a Mummy Chaos Knight on Feb 28, 2016.
             Killed from afar by a ynoxinul (13 damage)
             ... with an iron shot
             ... summoned by the capriciousness of Xom
             ... in the Dungeon (Sprint IX: "|||||||||||||||||||||||||||||").
             The game lasted 00:05:00 (12756 turns).

geek the Covered (Mummy Chaos Knight)              Turns: 12756, Time: 00:05:04

Health: -3/39      AC: 11    Str: 16    XL:     4   Next: 68%
Magic:  4/4        EV:  9    Int: 11    God:    Xom [...*..]
Gold:   34         SH:  0    Dex: 14    Spells: 0 memorised, 3 levels left

rFire  x . .     SeeInvis .     h - +2 rapier (elec)
rCold  + + .     Gourm    .     i - +1 chain mail
rNeg   + + +     Faith    .     (no shield)
rPois  ∞         Spirit   .     (no helmet)
rElec  +         Dismiss  +     (no cloak)
rCorr  .         Reflect  .     (no gloves)
SustAt .         Harm     .     (no boots)
MR     +....     NoTele   +     d - amulet of Cekugob {Dismiss -Tele rElec rPois rN++ AC+1 EV+1}
Stlth  ..........               k - +3 ring of dexterity
                                n - ring "Ewkoxt" {rPois rC+ MR+}

@: somewhat resistant to hostile enchantments, extremely unstealthy
A: no food or potions, fire vulnerability, cold resistance 1, negative energy
resistance 3, torment resistance, unbreathing
a: Renounce Religion


You were in the Dungeon.
You worshipped Xom.
You were a favourite toy of Xom.
You were not hungry.

You visited 1 branch You collected 34 gold pieces.

Inventory:

Hand Weapons
 a - a +0 falchion of chaos
 h - a +2 rapier of electrocution (weapon)
Missiles
 l - 9 arrows of dispersal
 o - 28 stones (quivered)
Armour
 b - a +2 leather armour
 i - a +1 chain mail (worn)
Jewellery
 d - the amulet of Cekugob (around neck) {Dismiss -Tele rElec rPois rN++ AC+1 EV+1}
   (Xom gifted it to you in the Dungeon)

   [amulet of dismissal]

   It may teleport away creatures that harm you.
   It affects your AC (+1).
   It affects your evasion (+1).
   It insulates you from electricity.
   It protects you from poison.
   It greatly protects you from negative energy.
   It prevents most forms of teleportation.
 j - a +3 ring of intelligence
 k - a +3 ring of dexterity (right hand)
 n - the ring "Ewkoxt" (left hand) {rPois rC+ MR+}
   (Xom gifted it to you in the Dungeon)

   [ring of protection from magic]

   It protects you from cold.
   It protects you from poison.
   It affects your resistance to hostile enchantments.
Wands
 g - a wand of iceblast (7/15)
Scrolls
 c - 2 scrolls of remove curse
 e - 2 scrolls of amnesia
 f - a scroll of blinking
 p - a scroll of enchant weapon {unknown}
Miscellaneous
 m - a lamp of fire (inert)


   Skills:
 + Level 5.0 Fighting
 + Level 4.0 Long Blades
 + Level 5.1 Armour
 + Level 2.5 Dodging
 + Level 2.6 Stealth


You had 3 spell levels left.
You didn't know any spells.

Dungeon Overview and Level Annotations

Branches:
Dungeon (1/1)

Altars:
Cheibriados
Dithmenos
Elyvilon
Fedhas
Gozag
Kikubaaqudgha
Makhleb
Nemelex Xobeh
Okawaru
Pakellas
Qazlal
Ru
Sif Muna
Trog
Vehumet
Xom
Yredelemnul
Zin
The Shining One
Beogh
Jiyva
Lugonu


Innate Abilities, Weirdness & Mutations

You do not eat or drink.
Your flesh is vulnerable to fire.
You are immune to poison.
Your flesh is cold resistant.
You are immune to negative energy.
You are immune to unholy pain and torment.
You can survive without breathing.


Message History

Unknown command.
Unknown command.
You hit the ufetubus.
There is a sudden explosion of sparks!
You kill the ufetubus!
The ynoxinul gestures at you. The iron shot hits you!
Ouch! That really hurt!
* * * LOW HITPOINT WARNING * * *
Unknown command.
Unknown command.
Read which item? (? for menu, Esc to quit)
You cannot teleport because you are wearing the amulet of Cekugob {Dismiss -Tele rElec rPois rN++ AC+1 EV+1}.
The ynoxinul gestures.
You hit the ynoxinul but do no damage.
The ynoxinul is heavily wounded.
The ufetubus closely misses you.
The ufetubus hits you but does no damage.
The ynoxinul gestures at you. The iron shot hits you!
You die...

#################
#################
#################
#################
#################
#####▓▓▓▓▓▓▓▓▓▓▓▓▓▓▓▓▓▓▓
#####▓5@355E§§§.'.†...'_
#####▓▓▓▓▓▓▓▓▓▓▓▓▓▓▓▓▓▓▓
#####▓..............
#####▓.▓▓▓▓▓▓▓▓▓▓▓▓▓
#####▓.......'!!!!
#####▓▓▓▓▓▓▓▓▓▓▓▓▓▓
#####▓............
#####▓.▓▓▓▓▓▓▓▓▓▓▓ ,, ,


You could see a ynoxinul, 3 ufetubi and a friendly fire elemental.

Vanquished Creatures
  A water moccasin (D)
  2 goblins (D)
  A jackal (D)
  A ball python (D)
  A bat (D)
6 creatures vanquished.

Vanquished Creatures (collateral kills)
  A hound (D)
  An adder (D)
  A giant cockroach zombie (D)
  A giant gecko zombie (D)
4 creatures vanquished.

Grand Total: 10 creatures vanquished

Notes
Turn   | Place    | Note
--------------------------------------------------------------
     0 | D        | geek the Mummy Chaos Knight began the quest for the Orb.
     0 | D        | Reached XP level 1. HP: 18/18 MP: 1/1
    18 | D        | XOM: silly message
   371 | D        | XOM: harmless Trmt miscast
   569 | D        | XOM is BORED!
   569 | D        | XOM: harmless Hex miscast
  1444 | D        | XOM: scenery: 1 doors close
  1779 | D        | XOM is BORED!
  1779 | D        | XOM: mild Summ miscast
  1808 | D        | XOM: mild Tloc miscast
  1809 | D        | Noticed a spatial vortex
  1907 | D        | XOM: summons 2 hostile shadow creatures
  2259 | D        | XOM: mild Chrm miscast
  2300 | D        | XOM: harmless Fire miscast
  2322 | D        | XOM: mild Ice miscast
  2423 | D        | XOM: medium Erth miscast
  2486 | D        | XOM: harmless Fire miscast
  2512 | D        | XOM is BORED!
  2512 | D        | XOM: mild Erth miscast
  3117 | D        | XOM: harmless Fire miscast
  3128 | D        | XOM: summons 2 hostile shadow creatures
  3269 | D        | XOM: mild Erth miscast
  3627 | D        | XOM: mild Air miscast
  3909 | D        | XOM is BORED!
  3909 | D        | XOM: medium Ice miscast
  4086 | D        | XOM: colour smoke trail
  4307 | D        | XOM: colour smoke trail
  4424 | D        | XOM: mild Ice miscast
  4598 | D        | XOM: mild Hex miscast
  4679 | D        | XOM: stat loss: -1 Str (14/15)
  4782 | D        | XOM: colour smoke trail
  5193 | D        | XOM is BORED!
  5193 | D        | XOM: severe Hex miscast
  5637 | D        | XOM: medium Hex miscast
  5669 | D        | XOM: scenery: 1 doors close
  6002 | D        | XOM: vitrification
  6019 | D        | XOM: vitrification
  6066 | D        | XOM: mild Necr miscast
  6165 | D        | XOM: mild Tloc miscast
  6198 | D        | XOM: harmless Air miscast
  6305 | D        | XOM: scenery: 2 doors open
  6853 | D        | XOM: god gift: amulet of Cekugob {Dismiss -Tele rElec rPois rN++ AC+1 EV+1}
  6879 | D        | Noticed a water moccasin
  6879 | D        | Noticed a hound
  6879 | D        | XOM: summons friendly ufetubus
  6885 | D        | Killed a water moccasin
  6885 | D        | Reached XP level 2. HP: 9/26 MP: 2/2
  6885 | D        | Reached XP level 3. HP: 11/32 MP: 3/3
  6885 | D        | Reached XP level 4. HP: 13/38 MP: 4/4
  6901 | D        | XOM: noise
  6908 | D        | XOM: potion effect (curing)
  6909 | D        | XOM: summons 2 friendly demons
  6919 | D        | Reached skill level 5 in Fighting
  6919 | D        | Reached skill level 5 in Armour
  6932 | D        | Found a glowing silver altar of Zin.
  6932 | D        | Found a glowing golden altar of the Shining One.
  6932 | D        | Found an ancient bone altar of Kikubaaqudgha.
  6932 | D        | Found a basalt altar of Yredelemnul.
  6932 | D        | Found a shimmering altar of Xom.
  6932 | D        | Found a radiant altar of Vehumet.
  6933 | D        | Found an iron altar of Okawaru.
  6934 | D        | Found a burning altar of Makhleb.
  6935 | D        | Found a deep blue altar of Sif Muna.
  6981 | D        | Found a bloodstained altar of Trog.
  6982 | D        | Found a sparkling altar of Nemelex Xobeh.
  6983 | D        | Found a white marble altar of Elyvilon.
  6984 | D        | Found a roughly hewn altar of Beogh.
  6985 | D        | Found a viscous altar of Jiyva.
  6986 | D        | Found a corrupted altar of Lugonu.
  6987 | D        | Found a blossoming altar of Fedhas.
  6988 | D        | Found a snail-covered altar of Cheibriados.
  6989 | D        | Found a shadowy altar of Dithmenos.
  6990 | D        | Found a stormy altar of Qazlal.
  6991 | D        | Found an opulent altar of Gozag.
  6992 | D        | Found a sacrificial altar of Ru.
  6993 | D        | Found an oddly glowing altar of Pakellas.
  7930 | D        | XOM: colour smoke trail
  7939 | D        | XOM: harmless Divn miscast
  8019 | D        | XOM: silly message
  8202 | D        | XOM: silly message
  8378 | D        | XOM: silly message
  8389 | D        | XOM: mild Fire miscast
  8487 | D        | XOM: medium Divn miscast
  8494 | D        | XOM: scenery: 2 doors close
  8731 | D        | XOM: silly message
  8951 | D        | XOM: harmless Chrm miscast
  9018 | D        | XOM: god gift: 9 arrows of dispersal
  9322 | D        | XOM: god gift: lamp of fire
  9422 | D        | XOM: god gift: twitching platinum ring {god gift}
  9423 | D        | Got a twitching platinum ring {god gift}
  9425 | D        | Identified the ring "Ewkoxt" {rPois rC+ MR+} (Xom gifted it to you in the Dungeon)
  9549 | D        | XOM: mild Conj miscast
  9565 | D        | XOM is BORED!
  9565 | D        | XOM: medium Conj miscast
 10032 | D        | XOM: god gift: 28 stones
 10293 | D        | XOM: silly message
 10353 | D        | XOM: god gift: 34 gold pieces
 10547 | D        | XOM: mild Air miscast
 10609 | D        | XOM: scenery: 1 doors open, 1 doors close
 11161 | D        | XOM: god gift: scroll labeled YXKEYFOJONN
 11182 | D        | XOM: noise
 11365 | D        | XOM: harmless Necr miscast
 11397 | D        | XOM: divination: magic mapping
 11700 | D        | XOM: harmless Fire miscast
 11735 | D        | XOM: god gift: 11 royal jellies
 12272 | D        | XOM: colour smoke trail
 12752 | D        | XOM is BORED!
 12752 | D        | XOM: medium Summ miscast
 12753 | D        | Noticed a ynoxinul
 12756 | D        | Killed from afar by a ynoxinul

Vault maps used:
D:        linesprint

Skill      XL: |  1  2  3  4 |
---------------+-------------+-----
Long Blades    | 3 4 |  4.0
Fighting       | 4 5 |  5.0
Armour         | 4 5 |  5.1
Dodging        | 2 |  2.5
Stealth        | 2 |  2.6

Action                   |  1- 3 |  4- 6 || total
-------------------------+-------+-------++-------
Melee: Falchion          |    31 |     5 ||    36
       Rapier            |       |     2 ||     2
Evoke: Lamp of fire      |       |     1 ||     1
  Use: Scroll            |       |     2 ||     2
